PAAA
ATHLETIC CLUB KC RESERVES @ ROYSE CITY TARGARYENS
08/01/2023
 
TOP OF THE 1ST
Athletic Club KC Reserves batting - Pitching for Royse City Targaryens : RHP Edward Whipp
Pitching: RHP Edward Whipp
Batting: LHB Michael Landry 0-0: Called Strike
0-1: Ball
1-1: Ball
2-1: Fly out, F5 (Line Drive, 56)
Batting: RHB Bill Dennis 0-0: Ball
1-0: Fly out, F9 (Popup, 9S)
Batting: LHB Matt Hartnett 0-0: Called Strike
0-1: Fly out, F6 (Popup, 56D)
Top of the 1st over - 0 run(s), 0 hit(s), 0 error(s), 0 left on base; Athletic Club KC 0 - Royse City 0
BOTTOM OF THE 1ST
Royse City Targaryens batting - Pitching for Athletic Club KC Reserves : RHP Alfredo Ríos
Pitching: RHP Alfredo Ríos
Batting: LHB Eduardo Álvarez 0-0: Called Strike
0-1: SINGLE (Groundball, 34D)
Batting: LHB Carlos Álvarez 0-0: Called Strike
0-1: Ball
1-1: Foul Ball, location: 2F
1-2: Ground out 4-3 (Groundball, 4M)
Eduardo Álvarez to second
Batting: LHB Jack Schmitt Balk!
Eduardo Álvarez to third
0-0: Ball
1-0: Fly out, F6 (Popup, 5L)
Batting: LHB José Tamayo 0-0: Called Strike
0-1: Foul Ball, location: 2F
0-2: Foul Ball, location: 2F
0-2: Strikes out looking
Bottom of the 1st over - 0 run(s), 1 hit(s), 0 error(s), 1 left on base; Athletic Club KC 0 - Royse City 0
TOP OF THE 2ND
Athletic Club KC Reserves batting - Pitching for Royse City Targaryens : RHP Edward Whipp
Batting: LHB Thatcher Douglas 0-0: Ball
1-0: Ball
2-0: Called Strike
2-1: Ground out 3-1 (Groundball, 34S)
Batting: RHB Robert Hill 0-0: Ball
1-0: Ball
2-0: Ball
3-0: Base on Balls
Batting: RHB Máximo Padilla 0-0: SINGLE (Groundball, 6MD)
Robert Hill to second
Runner from 2nd tries for 3rd, OUT!
Batting: RHB Karl Stevens 0-0: Foul Ball, location: 2F
0-1: Reached on error, E2 (Groundball, 2R)
Máximo Padilla to third
Batting: RHB Javier Díaz 0-0: Called Strike
0-1: DOUBLE (Flyball, 89M)
Máximo Padilla scores
Karl Stevens scores
Batting: LHB Eduardo López 0-0: Ground out 6-3 (Groundball, 6)
Top of the 2nd over - 2 run(s), 2 hit(s), 1 error(s), 1 left on base; Athletic Club KC 2 - Royse City 0
BOTTOM OF THE 2ND
Royse City Targaryens batting - Pitching for Athletic Club KC Reserves : RHP Alfredo Ríos
Batting: RHB Héctor Ruíz 0-0: SINGLE (Groundball, 6MD)
Batting: RHB Jim Unknown 0-0: Ball
1-0: Called Strike
1-1: Ball
2-1: Ball
3-1: Foul Ball, location: 2F
3-2: Base on Balls
Héctor Ruíz to second
Batting: RHB Jason Mann 0-0: Swinging Strike
0-1: Grounds into double play, U5-3 (Groundball, 5L)
Jim Unknown to second
Batting: RHB José Cruz 0-0: Ball
1-0: Ball
2-0: Ball
3-0: Base on Balls
Batting: RHB Sancho Balderas 0-0: Ball
1-0: Called Strike
1-1: Swinging Strike
1-2: Fly out, F9 (Flyball, 9M)
Bottom of the 2nd over - 0 run(s), 1 hit(s), 0 error(s), 2 left on base; Athletic Club KC 2 - Royse City 0
TOP OF THE 3RD
Athletic Club KC Reserves batting - Pitching for Royse City Targaryens : RHP Edward Whipp
Batting: LHB Michael Landry 0-0: Foul Ball, location: 2F
0-1: Fly out, F5 (Popup, 5SF)
Batting: RHB Bill Dennis 0-0: Called Strike
0-1: Ball
1-1: Foul Ball, location: 2F
1-2: Ball
2-2: Strikes out looking
Batting: LHB Matt Hartnett 0-0: Ball
1-0: Ground out 1-3 (Groundball, 25)
Top of the 3rd over - 0 run(s), 0 hit(s), 0 error(s), 0 left on base; Athletic Club KC 2 - Royse City 0
BOTTOM OF THE 3RD
Royse City Targaryens batting - Pitching for Athletic Club KC Reserves : RHP Alfredo Ríos
Batting: LHB Eduardo Álvarez 0-0: Called Strike
0-1: Ball
1-1: Ball
2-1: Ball
3-1: Base on Balls
Batting: LHB Carlos Álvarez 0-0: Ball
1-0: Foul Ball, location: 2F
1-1: Foul Ball, location: 2F
1-2: Strikes out swinging
Batting: LHB Jack Schmitt 0-0: Ball
Eduardo Álvarez is caught stealing 2nd base
1-0: Ball
2-0: Called Strike
2-1: Ball
3-1: Foul Ball, location: 2F
3-2: SINGLE (Line Drive, 34D)
Batting: LHB José Tamayo 0-0: Called Strike
0-1: Fly out, F5 (Popup, 5F)
Bottom of the 3rd over - 0 run(s), 1 hit(s), 0 error(s), 1 left on base; Athletic Club KC 2 - Royse City 0
TOP OF THE 4TH
Athletic Club KC Reserves batting - Pitching for Royse City Targaryens : RHP Edward Whipp
Batting: LHB Thatcher Douglas 0-0: Ball
1-0: Ball
2-0: Called Strike
2-1: Ball
3-1: Base on Balls
Batting: RHB Robert Hill 0-0: Ball
1-0: SINGLE (Line Drive, 4MD)
Thatcher Douglas to second
Batting: RHB Máximo Padilla 0-0: Swinging Strike
0-1: Foul Ball, location: 2F
0-2: Ball
1-2: Foul Ball, location: 2F
1-2: Strikes out looking
Batting: RHB Karl Stevens 0-0: Ball
1-0: Ball
2-0: Called Strike
2-1: Swinging Strike
2-2: Strikes out swinging
Batting: RHB Javier Díaz 0-0: Fly out, F8 (Flyball, 8LM)
Top of the 4th over - 0 run(s), 1 hit(s), 0 error(s), 2 left on base; Athletic Club KC 2 - Royse City 0
BOTTOM OF THE 4TH
Royse City Targaryens batting - Pitching for Athletic Club KC Reserves : RHP Alfredo Ríos
Batting: RHB Héctor Ruíz 0-0: Called Strike
0-1: Foul Ball, location: 2F
0-2: Ball
1-2: Foul Ball, location: 2F
1-2: Ball
2-2: Ball
3-2: Ground out 6-3 (Groundball, 56D)
Batting: RHB Jim Unknown 0-0: Swinging Strike
0-1: Foul Ball, location: 2F
0-2: Foul Ball, location: 2F
0-2: Ball
1-2: Foul Ball, location: 2F
1-2: Foul Ball, location: 2F
1-2: SINGLE (Groundball, 34D)
Batting: RHB Jason Mann 0-0: Foul Ball, location: 2F
0-1: Swinging Strike
0-2: Ball
1-2: Fly out, F5 (Line Drive, 56)
Batting: RHB José Cruz 0-0: Ground out 6-3 (Groundball, 6)
Bottom of the 4th over - 0 run(s), 1 hit(s), 0 error(s), 1 left on base; Athletic Club KC 2 - Royse City 0
TOP OF THE 5TH
Athletic Club KC Reserves batting - Pitching for Royse City Targaryens : RHP Edward Whipp
Batting: LHB Eduardo López 0-0: Called Strike
0-1: Ball
1-1: Ball
2-1: Ball
3-1: Foul Ball, location: 2F
3-2: Foul Ball, location: 2F
3-2: Base on Balls
Batting: LHB Michael Landry 0-0: Bunted foul
0-1: Sac Bunt - play at second, runner OUT! 1-6
Batting: RHB Bill Dennis 0-0: Ball
1-0: Ball
2-0: Ball
3-0: Base on Balls
Michael Landry to second
Batting: LHB Matt Hartnett 0-0: Foul Ball, location: 2F
0-1: Ball
1-1: Ball
2-1: Fly out, F7 (Flyball, 78M)
Batting: LHB Thatcher Douglas 0-0: SINGLE (Groundball, 56D)
Michael Landry to third
Bill Dennis to second
Runner from 3rd tries for Home, SAFE, no throw or cutoff
Batting: RHB Robert Hill 0-0: Ball
1-0: Foul Ball, location: 2F
1-1: SINGLE (Line Drive, 7LS)
Bill Dennis to third
Thatcher Douglas to second
Runner from 3rd tries for Home, SAFE, no throw or cutoff
Batting: RHB Máximo Padilla 0-0: Foul Ball, location: 2F
0-1: Fly out, F5 (Line Drive, 5)
Top of the 5th over - 2 run(s), 2 hit(s), 0 error(s), 2 left on base; Athletic Club KC 4 - Royse City 0
BOTTOM OF THE 5TH
Royse City Targaryens batting - Pitching for Athletic Club KC Reserves : RHP Alfredo Ríos
Batting: RHB Sancho Balderas 0-0: Foul Ball, location: 2F
0-1: Ball
1-1: Swinging Strike
1-2: Ball
2-2: Ball
3-2: Ground out 5-3 (Groundball, 5L)
Batting: LHB Eduardo Álvarez 0-0: Called Strike
0-1: Foul Ball, location: 2F
0-2: Ball
1-2: SINGLE (Groundball, 15) (infield hit)
Batting: LHB Carlos Álvarez 0-0: Foul Ball, location: 2F
0-1: Ball
1-1: SINGLE (Groundball, 34D)
Eduardo Álvarez to second
Runner from 2nd tries for 3rd, SAFE, no throw or cutoff
Batting: LHB Jack Schmitt 0-0: Ball
1-0: Called Strike
1-1: SINGLE (Groundball, 4MD)
Eduardo Álvarez scores
Carlos Álvarez to second
Batting: LHB José Tamayo 0-0: Ball
1-0: Fly out, F5 (Line Drive, 56)
Batting: RHB Héctor Ruíz 0-0: Ball
1-0: Ball
2-0: Ball
3-0: Swinging Strike
3-1: Base on Balls
Carlos Álvarez to third
Jack Schmitt to second
Pitching: RHP Jeremy Gutiérrez
Batting: RHB Jim Unknown 0-0: Foul Ball, location: 2F
0-1: Foul Ball, location: 2F
0-2: Ball
1-2: SINGLE (Groundball, 6MD)
Carlos Álvarez scores
Jack Schmitt to third
Héctor Ruíz to second
Runner from 3rd tries for Home, SAFE, throw made at trailing runner, SAFE at third!
Batting: RHB Jason Mann 0-0: Called Strike
0-1: Foul Ball, location: 2F
0-2: DOUBLE (Line Drive, 8LM)
Héctor Ruíz scores
Jim Unknown to third
Batting: RHB José Cruz 0-0: Fly out, F6 (Popup, 4M)
Bottom of the 5th over - 4 run(s), 5 hit(s), 0 error(s), 2 left on base; Athletic Club KC 4 - Royse City 4
TOP OF THE 6TH
Athletic Club KC Reserves batting - Pitching for Royse City Targaryens : RHP Edward Whipp
Batting: RHB Karl Stevens 0-0: Ball
1-0: Ball
2-0: Called Strike
2-1: SINGLE (Line Drive, 9LM)
Batting: RHB Javier Díaz 0-0: Sac Bunt - play at second, runner OUT! 1-6
Batting: LHB Eduardo López 0-0: Ball
1-0: Ball
2-0: Swinging Strike
2-1: Foul Ball, location: 2F
2-2: Ball
3-2: Strikes out looking
Javier Díaz is caught stealing 2nd base
Batter strikes out.
Top of the 6th over - 0 run(s), 1 hit(s), 0 error(s), 0 left on base; Athletic Club KC 4 - Royse City 4
BOTTOM OF THE 6TH
Royse City Targaryens batting - Pitching for Athletic Club KC Reserves : RHP Jeremy Gutiérrez
Batting: RHB Sancho Balderas 0-0: Ball
1-0: Foul Ball, location: 2F
1-1: Ground out 5-3 (Groundball, 56)
Batting: LHB Eduardo Álvarez 0-0: Called Strike
0-1: Foul Ball, location: 2F
0-2: Ball
1-2: Ball
2-2: Foul Ball, location: 2F
2-2: Ground out 6-3 (Groundball, 4M)
Batting: LHB Carlos Álvarez 0-0: Called Strike
0-1: Ball
1-1: Foul Ball, location: 2F
1-2: Fly out, F9 (Flyball, 89D)
Bottom of the 6th over - 0 run(s), 0 hit(s), 0 error(s), 0 left on base; Athletic Club KC 4 - Royse City 4
TOP OF THE 7TH
Athletic Club KC Reserves batting - Pitching for Royse City Targaryens : RHP Edward Whipp
Pitching: RHP Bo Tubbs
Pinch Hitting: LHB Rafael García 0-0: Swinging Strike
0-1: Swinging Strike
0-2: Strikes out swinging
Batting: RHB Bill Dennis 0-0: Ball
1-0: Fly out, F8 (Flyball, 8RS)
Batting: LHB Matt Hartnett 0-0: Foul Ball, location: 2F
0-1: Ball
1-1: Fly out, F7 (Flyball, 7S)
Top of the 7th over - 0 run(s), 0 hit(s), 0 error(s), 0 left on base; Athletic Club KC 4 - Royse City 4
BOTTOM OF THE 7TH
Royse City Targaryens batting - Pitching for Athletic Club KC Reserves : RHP Jeremy Gutiérrez
Now in RF: Don Holmes
Batting: LHB Jack Schmitt 0-0: Ball
1-0: Ball
2-0: Ground out 5-3 (Groundball, 56)
Pitching: RHP Alfonso Álvarez
Pinch Hitting: LHB Shang-de Zhang 0-0: Ball
1-0: Ball
2-0: Ball
3-0: Called Strike
3-1: Base on Balls
Pinch Hitting: LHB Sébastien Rolland 0-0: Ball
1-0: Fly out, F8 (Flyball, 8LM)
Batting: RHB Jim Unknown 0-0: Foul Ball, location: 2F
0-1: Foul Ball, location: 2F
0-2: Strikes out swinging
Bottom of the 7th over - 0 run(s), 0 hit(s), 0 error(s), 1 left on base; Athletic Club KC 4 - Royse City 4
TOP OF THE 8TH
Athletic Club KC Reserves batting - Pitching for Royse City Targaryens : RHP Bo Tubbs
Now at 2B: Chae-hyeong Kim
Now in LF: Sébastien Rolland
Batting: LHB Thatcher Douglas 0-0: Ball
1-0: Ball
2-0: Ball
3-0: Base on Balls
Batting: RHB Robert Hill 0-0: Ball
1-0: Ball
2-0: Swinging Strike
2-1: Called Strike
2-2: Ball
3-2: Foul Ball, location: 2F
3-2: Base on Balls
Thatcher Douglas to second
Batting: RHB Máximo Padilla 0-0: Sac Bunt - play at first, batter OUT! 2-4
Thatcher Douglas to third
Robert Hill to second
Batting: RHB Karl Stevens 0-0: Intentional Walk
Pinch Hitting: RHB José Rodríguez 0-0: Called Strike
0-1: Foul Ball, location: 2F
0-2: Strikes out looking
Batting: LHB Eduardo López 0-0: Ball
1-0: Ball
2-0: Called Strike
2-1: Ball
3-1: Foul Ball, location: 2F
3-2: Foul Ball, location: 2F
3-2: Base on Balls
Thatcher Douglas scores
Robert Hill to third
Karl Stevens to second
Batting: SHB Don Holmes 0-0: Fly out, F7 (Flyball, 7M)
Top of the 8th over - 1 run(s), 0 hit(s), 0 error(s), 3 left on base; Athletic Club KC 5 - Royse City 4
BOTTOM OF THE 8TH
Royse City Targaryens batting - Pitching for Athletic Club KC Reserves : RHP Alfonso Álvarez
Pitching: RHP Eric Lang
Now at SS: Mike Lovell
Batting: RHB Jason Mann 0-0: Ball
1-0: Foul Ball, location: 2F
1-1: SINGLE (Groundball, 56D)
Batting: RHB José Cruz 0-0: Sac Bunt - play at first, batter OUT! 5-4
Jason Mann to second
Batting: RHB Sancho Balderas 0-0: Ball
Passed Ball!
Jason Mann to third
1-0: Ground out 1-3 (Groundball, 15)
Batting: LHB Eduardo Álvarez 0-0: Called Strike
0-1: Swinging Strike
0-2: Foul Ball, location: 2F
0-2: Strikes out looking
Bottom of the 8th over - 0 run(s), 1 hit(s), 0 error(s), 1 left on base; Athletic Club KC 5 - Royse City 4
TOP OF THE 9TH
Athletic Club KC Reserves batting - Pitching for Royse City Targaryens : RHP Bo Tubbs
Batting: RHB Bill Dennis 0-0: DOUBLE (Line Drive, 8LXD)
Batting: LHB Matt Hartnett 0-0: Ball
1-0: Swinging Strike
1-1: Foul Ball, location: 2F
1-2: Ground out 4-3 (Groundball, 34)
Bill Dennis to third
Batting: LHB Thatcher Douglas 0-0: Called Strike
0-1: DOUBLE (Line Drive, 7LS)
Bill Dennis scores
Batting: RHB Robert Hill 0-0: Intentional Walk
Pitching: RHP Mark Sinclair
Batting: RHB Máximo Padilla 0-0: Ball
1-0: Ball
2-0: Foul Ball, location: 2F
2-1: Ball
3-1: Called Strike
3-2: Base on Balls
Thatcher Douglas to third
Robert Hill to second
Batting: RHB Karl Stevens 0-0: Ball
1-0: Foul Ball, location: 2F
1-1: Ball
2-1: Ball
3-1: SINGLE (Line Drive, 34D)
Thatcher Douglas scores
Robert Hill to third
Máximo Padilla to second
Batting: RHB Mike Lovell 0-0: Ball
1-0: Ball
2-0: Ball
3-0: Base on Balls
Robert Hill scores
Máximo Padilla to third
Karl Stevens to second
Batting: LHB Eduardo López 0-0: Ball
1-0: Called Strike
1-1: Ball
2-1: Fly out, F6 (Popup, 6)
Batting: SHB Don Holmes 0-0: Called Strike
0-1: Called Strike
0-2: Ball
1-2: Ball
2-2: Fielders Choice at 2nd, U6 (Groundball, 6M)
Top of the 9th over - 3 run(s), 3 hit(s), 0 error(s), 3 left on base; Athletic Club KC 8 - Royse City 4
BOTTOM OF THE 9TH
Royse City Targaryens batting - Pitching for Athletic Club KC Reserves : RHP Eric Lang
Batting: LHB Carlos Álvarez 0-0: Ground out 4-3 (Groundball, 4)
Batting: LHB Jack Schmitt 0-0: Ball
1-0: Foul Ball, location: 2F
1-1: Reached on error, E4 (Groundball, 4)
Batting: RHB Chae-hyeong Kim 0-0: Ball
1-0: 2-RUN HOME RUN (Flyball, 78XD), Distance : 415 ft
Pitching: LHP António Silva
Batting: LHB Sébastien Rolland 0-0: Called Strike
0-1: Ball
1-1: Ball
2-1: SINGLE (Line Drive, 3D)
Pinch Hitting: RHB Javier Chávez 0-0: Ball
1-0: Grounds into double play, 6-4-3 (Groundball, 6)
Bottom of the 9th over - 2 run(s), 2 hit(s), 1 error(s), 0 left on base; Athletic Club KC 8 - Royse City 6
This league is powered by Out of the Park Baseball, the baseball management simulation game for PC, Mac and Linux
Friday, July 8th, 2016 - OOTP Baseball 16.9 Build 39